 Dungeon Crawl Stone Soup version 0.31-a0-818-ge7c7cf74f0 (webtiles) character file.

Game seed: 4208813399341023444

117 Essalna the Conjurer (level 4, -2/30 HPs)
             Began as a Demonspawn Conjurer on Sept 23, 2023.
             Slain by a river rat (6 damage)
             ... in a sewer.
             The game lasted 00:05:48 (2242 turns).

Essalna the Conjurer (Demonspawn Conjurer)          Turns: 2242, Time: 00:05:48

Health: -2/30      AC:  5    Str:  7    XL:     4   Next: 71%
Magic:  1/9        EV: 12    Int: 22    God:
Gold:   119        SH:  0    Dex: 11    Spells: 7/10 levels left

rFire   . . .        d - +0 dagger
rCold   + . .        (no shield)
rNeg    . . .        a - +0 robe
rPois   .            (no helmet)
rElec   .            (no cloak)
rCorr   .            (no gloves)
SInv    .            (no boots)
Will    +....        (no amulet)
Stlth   +            k - ring of willpower
HPRegen 0.25/turn    h - ring of protection from cold
MPRegen 0.11/turn

%: no passive effects
@: mighty, attractive, very slow
A: slimy green scales 2
a: no special abilities


You were in a sewer.
You visited 1 branch of the dungeon, and saw 3 of its levels.
You also visited: Sewer.

You collected 119 gold pieces.

Inventory:

Hand Weapons
 d - a +0 dagger (weapon)
Armour
 a - a +0 robe (worn)
Jewellery
 g - a ring of fire
 h - a ring of protection from cold (right hand)
 k - a ring of willpower (left hand)
 l - a ring of positive energy


   Skills:
 - Level 1.7 Dodging
 - Level 1.7 Stealth
 + Level 3.5 Spellcasting
 + Level 5.1 Conjurations


You had 7 spell levels left.
You knew the following spells:

 Your Spells              Type           Power      Damage    Failure   Level
a - Magic Dart            Conj           100%       1d8       1%          1
b - Searing Ray           Conj           52%        2d6       2%          2

Your spell library contained the following spells:

 Spells                   Type           Power      Damage    Failure   Level
 Dazzling Flash           Conj/Hex       30%        N/A       12%         3
 Fulminant Prism          Conj/Hex       7%         3d7       38%         4
 Iskenderun's Mystic Bla  Conj/Tloc      15%        2d5       38%         4


Dungeon Overview and Level Annotations

Branches:
Dungeon (3/15)              Sewer (1/1)

Altars:

Annotations:
D:2 Sigmund
D:3 Ijyb


Innate Abilities, Weirdness & Mutations

You are mostly covered in slimy green scales. (AC +3)


Message History

The river rat bites you but does no damage.
The magic dart hits the river rat but does no damage.
The rat splashes around in the water.
The river rat misses you.
The magic dart hits the river rat.
The river rat is heavily wounded.
The rat bites you. The river rat bites you.
You are too injured to fight recklessly!
You are too injured to fight recklessly!
You are too injured to fight recklessly!
Your unstable footing causes you to fumble your attack.
The rat bites you but does no damage. The river rat bites you.
Your unstable footing causes you to fumble your attack.
The rat misses you. The river rat bites you.
You barely miss the river rat.
The river rat is heavily wounded.
The rat bites you but does no damage. The river rat bites you.
* * * LOW HITPOINT WARNING * * *
Your unstable footing causes you to fumble your attack.
The rat bites you but does no damage. The river rat bites you.
* * * LOW HITPOINT WARNING * * *
You hit the river rat but do no damage.
The river rat is heavily wounded.
The rat completely misses you. The river rat misses you.
Your unstable footing causes you to fumble your attack.
The rat barely misses you. The river rat closely misses you.
Your unstable footing causes you to fumble your attack.
The rat barely misses you. The river rat bites you.
* * * LOW HITPOINT WARNING * * *
It was a potion of attraction.
You feel attractive to monsters. The rat bites you but does no damage.
The river rat barely misses you.
It was a potion of might.
You feel very mighty all of a sudden. The rat closely misses you.
The river rat barely misses you.
You hit the river rat.
The river rat is almost dead.
The rat closely misses you. The river rat closely misses you.
Your unstable footing causes you to fumble your attack.
The rat splashes around in the water.
The river rat bites you.
You die...

#≈~~≈~≈#
#≈≈≈~~≈#
#≈≈~~.≈#
#≈≈≈~~≈#
#≈.~#~≈#
#≈≈~≈≈≈#
#≈≈~≈≈≈#
#≈~~~≈≈#
#≈r@≈≈≈#
#≈≈r≈≈≈#
##~....#
......#
......##
.†.....#
.......##
.....####


You could see a river rat and a rat.

Vanquished Creatures
  Robin (D:3)
  3 adders
  2 river rats
  A worm (D:3)
  A dart slug (D:2)
  5 endoplasms
  3 giant cockroaches
  9 goblins
  10 hobgoblins
  2 kobolds (D:1)
  2 quokkas (D:2)
  3 ball pythons
  2 bats (D:2)
  5 frilled lizards
  7 rats
56 creatures vanquished.

Notes
Turn   | Place    | Note
-------+----------+-------------------------------------------
     0 | D:1      | Essalna the Demonspawn Conjurer began the quest for the
                  | Orb.
     0 | D:1      | Reached XP level 1. HP: 13/13 MP: 3/3
   368 | D:1      | Gained mutation: You are partially covered in slimy green
                  | scales. (AC +2) [demonic ancestry]
   368 | D:1      | Reached XP level 2. HP: 19/19 MP: 1/5
  1283 | D:2      | Gained mutation: You are mostly covered in slimy green
                  | scales. (AC +3) [demonic ancestry]
  1283 | D:2      | Reached XP level 3. HP: 20/24 MP: 1/7
  1356 | D:2      | Found a faded altar of an unknown god.
  1789 | D:2      | Noticed Sigmund
  1826 | D:3      | Learned a level 2 spell: Searing Ray
  1875 | D:3      | Noticed Robin
  1902 | D:3      | Killed Robin
  1909 | D:3      | Reached XP level 4. HP: 26/30 MP: 0/8
  1936 | D:3      | Noticed Ijyb
  2006 | D:3      | Reached skill level 5 in Conjurations
  2013 | D:3      | Found a glowing drain.
  2082 | Sewer    | Entered a sewer
  2242 | Sewer    | Slain by a river rat

Illustrated notes

Levels and vault maps discovered:
D:1:      onia_arrival_pyramid, layout_basic, serial_aquarium,
          aquarium_bridge_straight [aquarium_subvault_bridge,
          aquarium_subvault_window, aquarium_subvault_bridge,
          aquarium_subvault_wall], aquarium_bridge_straight
          [aquarium_subvault_bridge, aquarium_subvault_wall,
          aquarium_subvault_bridge, aquarium_subvault_window],
          aquarium_window_1, aquarium_window_fake, aquarium_view_2d,
          aquarium_balcony_double_1, grunt_decor_clamped
D:2:      layout_loops_cross, ebering_ecumenical_altar_box, uniq_sigmund
D:3:      layout_basic, portal_sewer_entry_e, minmay_misc_feat_hallway,
          uniq_robin, uniq_ijyb
Sewer:    sewer_minmay_w

Skill      XL: |  1  2  3  4 |
---------------+-------------+-----
Spellcasting   | 3 |  3.5
Conjurations   | 5 |  5.1
Dodging        | |  1.7
Stealth        | |  1.7

Action                     |  1- 3 |  4- 6 || total
---------------------------+-------+-------++-------
  Melee: Dagger            |    16 |    85 ||   101
   Cast: Magic Dart        |    53 |    25 ||    78
         Searing Ray       |     4 |     2 ||     6
    Use: Scroll            |     2 |       ||     2
         Potion            |     1 |     4 ||     5
 Armour: Robe              |    13 |    51 ||    64
  Dodge: Dodged            |    15 |    59 ||    74

Table legend: (Time is in decaauts)
 A = Elapsed time spent in this place.
 B = Non-inter-level travel time spent in this place.
 C = Inter-level travel time spent in this place.
 D = Time resting spent in this place.
 E = Time spent auto-exploring this place.
 F = Levels seen in this place.
 G = Mean time per level.
                   A        B        C        D        E       F      G
               +--------+--------+--------+--------+--------+-----+--------+
         Total |   2251 |   2107 |    144 |     76 |   1680 |   4 |  562.8 |
       Dungeon |   2082 |   1938 |    144 |      0 |   1619 |   3 |  694.0 |
         Sewer |    168 |    168 |      0 |     76 |     61 |   1 |  168.0 |
               +--------+--------+--------+--------+--------+-----+--------+

Top non-repeatable levels by time:
     D:1: 1076 daAuts
     D:2: 743 daAuts
     D:3: 262 daAuts
   Sewer: 168 daAuts
